 Dungeon Crawl Stone Soup version 0.31.0-12-g77e489cdc1 (webtiles) character file.

Game seed: 17646406879035789531

291 Silvore the Slasher (level 6, -1/47 HPs)
             Began as a Demonspawn Fighter on Feb 17, 2024.
             Was a Follower of Okawaru.
             Slain by a gnoll sergeant
             ... wielding a +2 heavy spear
              (4 damage)
             ... on level 5 of the Dungeon.
             The game lasted 00:03:15 (2959 turns).

Silvore the Slasher (Demonspawn Fighter)            Turns: 2959, Time: 00:03:16

Health: -1/47      AC: 11    Str: 18    XL:     6   Next: 10%
Magic:  6/6        EV:  7    Int:  9    God:    Okawaru [*.....]
Gold:   200        SH:  5    Dex: 12    Spells: 5/5 levels left

rFire   . . .        a - +1 long sword
rCold   . . .        c - +1 buckler
rNeg    . . .        h - +0 chain mail
rPois   .            (no helmet)
rElec   .            (no cloak)
rCorr   .            (no gloves)
SInv    .            (no boots)
Will    .....        (no amulet) Stlth
                     (no ring)
HPRegen 0.27/turn    (no ring)
MPRegen 0.10/turn

%: no passive effects
@: mighty
A: hooves 1, slimy green scales 1, demonic magic 1
a: Renounce Religion, Heroism


You were on level 5 of the Dungeon.
You worshipped Okawaru.
Okawaru was aware of your devotion.
You visited 1 branch of the dungeon, and saw 6 of its levels.

You collected 200 gold pieces.

Inventory:

Hand Weapons
 a - a +1 long sword (weapon)
Armour
 b - a +0 scale mail
 c - a +1 buckler (worn)
 h - a +0 chain mail (worn)
Scrolls
 g - 4 scrolls of teleportation
 i - a scroll of noise
 j - 3 scrolls of enchant weapon
 l - 4 scrolls of identify
 n - 2 scrolls of immolation
Potions
 e - 2 potions of curing
 f - a potion of brilliance
 k - 2 potions of lignification
 m - a potion of haste
 o - a potion of resistance {unknown}
 p - 2 potions of enlightenment
 q - a potion of magic {unknown}


   Skills:
 + Level 3.6 Fighting
 + Level 4.3 Long Blades
 + Level 3.8 Armour
 + Level 0.4 Dodging
 + Level 3.2 Shields


You had 5 spell levels left.
You didn't know any spells.
Your spell library contained the following spells:

 Spells                   Type           Power      Damage    Failure   Level
 Fugue of the Fallen      Necr           0%         N/A       100%        3
 Ozocubu's Armour         Ice            0%         N/A       100%        3
 Manifold Assault         Tloc           0%         N/A       100%        4
 Summon Ice Beast         Ice/Summ       Unusable   N/A       N/A         3
 Summon Mana Viper        Hex/Summ       Unusable   N/A       N/A         5
 Monstrous Menagerie      Summ           Unusable   N/A       N/A         7

Dungeon Overview and Level Annotations

Branches:
Dungeon (6/15)
 Temple: D:4-7

Altars:
Fedhas
Makhleb
Okawaru

Shops:
D:1 [


Innate Abilities, Weirdness & Mutations

You have large cloven feet.
You are partially covered in slimy green scales. (AC +2)
Spells you cast may paralyse adjacent enemies.


Message History

The gnoll sergeant shouts!
The gnoll attacks as it pursues you! The gnoll barely misses you.
The gnoll attacks as it pursues you! You block the gnoll's attack.
The gnoll attacks as it pursues you! The gnoll hits you but does no damage.
The gnoll attacks as it pursues you! You block the gnoll's attack.
The gnoll attacks as it pursues you!
The gnoll hits you from afar with a +0 halberd.
A phantom comes into view.
Found 14 gold pieces.
The gnoll closely misses you. The gnoll hits you with a +0 halberd.
You slash the phantom! You kick the phantom!
The phantom is severely damaged.
The gnoll completely misses you. The phantom closely misses you.
You hit the phantom.
The phantom is almost destroyed.
You block the gnoll sergeant's attack. The gnoll closely misses you.
The phantom hits you.
You hit the phantom.
You destroy the phantom!
Okawaru is honoured by your kill.
You can now gain great but temporary skills.
The gnoll barely misses you.
The gnoll sergeant hits you from afar with a +2 heavy spear.
* * * LOW HITPOINT WARNING * * *
You block the gnoll's attack.
The gnoll hits you from afar with a +0 spear.
* * * LOW HITPOINT WARNING * * *
You have reached level 6!
You closely miss the gnoll. You kick the gnoll.
The gnoll is moderately wounded.
The gnoll sergeant hits you but does no damage.
The gnoll barely misses you. The gnoll closely misses you.
You slash the gnoll!
You kill the gnoll!
Okawaru accepts your kill.
The gnoll hits you from afar with a +0 spear.
* * * LOW HITPOINT WARNING * * *
The gnoll sergeant hits you from afar with a +2 heavy spear.
You die...

###########
#>......g.#
#.#######.## #o†#
#..###### ####
#o.#######.gg.#.. ..$
#gg....# ####.#.#
#.###.####.######.#.#
#...@)# #...()).....
####### ##########g.
.# .# g? .# .. .#


You could see a gnoll sergeant, an orc wizard, a gnoll and an orc.

Vanquished Creatures
  A phantom (D:5)
  A hound (D:5)
  4 gnolls (D:5)
  9 adders
  A dart slug (D:3)
  A ribbon worm (D:2)
  4 orcs (D:4)
  7 ball pythons
  3 bats
  5 endoplasms
  4 giant cockroaches
  5 goblins
  4 hobgoblins (D:1)
  7 jackals
  2 quokkas
  3 frilled lizards
  6 kobolds
  6 rats
73 creatures vanquished.

Notes
Turn   | Place    | Note
-------+----------+-------------------------------------------
     0 | D:1      | Silvore the Demonspawn Fighter began the quest for the Orb.
     0 | D:1      | Reached XP level 1. HP: 18/18 MP: 1/1
   165 | D:1      | Gained mutation: You are partially covered in slimy green
                  | scales. (AC +2) [demonic ancestry]
   165 | D:1      | Reached XP level 2. HP: 24/24 MP: 2/2
   374 | D:1      | Reached skill level 2 in Long Blades
   423 | D:1      | Found Keaf's Armour Shoppe.
   498 | D:1      | Found a faded altar of an unknown god.
   852 | D:2      | Gained mutation: Spells you cast may paralyse adjacent
                  | enemies. [demonic ancestry]
   852 | D:2      | Reached XP level 3. HP: 29/29 MP: 3/3
  1720 | D:3      | Gained mutation: You have large cloven feet. [demonic
                  | ancestry]
  1720 | D:3      | Reached XP level 4. HP: 35/35 MP: 4/4
  1966 | D:3      | Found a blossoming altar of Fedhas.
  1966 | D:3      | Found a burning altar of Makhleb.
  1967 | D:3      | Found an iron altar of Okawaru.
  1977 | D:3      | Became a worshipper of Warmaster Okawaru
  2294 | D:3      | Reached skill level 3 in Long Blades
  2379 | D:3      | Reached XP level 5. HP: 39/41 MP: 5/5
  2865 | D:4      | You fall into a shaft and drop 2 floors!
  2879 | D:5      | Entered Level 5 of the Dungeon
  2920 | D:5      | Reached skill level 4 in Long Blades
  2951 | D:5      | Noticed a phantom
  2957 | D:5      | Killed a phantom
  2957 | D:5      | Reached * piety under Okawaru
  2958 | D:5      | Reached XP level 6. HP: 5/47 MP: 6/6
  2959 | D:5      | Slain by a gnoll sergeant

Illustrated notes

Levels and vault maps discovered:
D:1:      elethiomel_arrival_infinity_welcomes_careful_drivers, layout_rooms,
          serial_shops, shop_fountains, basic_ecumenical_altar,
          minmay_crystal_room
D:2:      layout_loops_ring, nicolae_concentric_dashed_squares_wild,
          minmay_bisected
D:3:      layout_rooms, gammafunk_temple_overflow_claw, interstate_on_off,
          chequers_avenue, minmay_door_square, kennysheep_cross_bottleneck,
          minmay_snake_closets
D:4:      layout_layer_cave, minivault_14
D:5:      layout_basic, serial_shops, shop, grunt_ministairs_14,
          minmay_a_box_with_orc_wizards_in_it, uniq_eustachio
D:6:      layout_basic, chequers_serial_rivers_micro_e, uniq_grinder,
          uniq_sigmund

Skill      XL: |  1  2  3  4  5 |
---------------+----------------+-----
Armour         | 3 |  3.8
Long Blades    | 2 3 4 |  4.3
Shields        | 3 |  3.2
Fighting       | |  3.6
Dodging        | |  0.4

Action                     |  1- 3 |  4- 6 || total
---------------------------+-------+-------++-------
  Melee: Long sword        |   136 |    89 ||   225
         Kick              |       |    20 ||    20
    Use: Scroll            |     8 |     5 ||    13
         Potion            |       |     1 ||     1
 Armour: Scale mail        |    45 |       ||    45
         Chain mail        |    69 |    85 ||   154
  Dodge: Dodged            |    57 |    34 ||    91
  Block: Buckler           |    43 |    29 ||    72
